 Dungeon Crawl Stone Soup version 0.19-a0-1153-g63c3caf (webtiles) character file.

7263 Akrasiac the Merchant of Misery (level 10, -2/80 HPs)
             Began as a Mummy Necromancer on Aug 13, 2016.
             Was a Believer of Kikubaaqudgha.
             Shot with an arrow by a tengu warrior (12 damage)
             ... on level 10 of the Dungeon.
             The game lasted 00:22:25 (11785 turns).

Akrasiac the Merchant of Misery (MuNe)             Turns: 11785, Time: 00:22:25

Health: -2/80      AC:  9    Str: 11    XL:     10   Next: 89%
Magic:  11/17      EV: 14    Int: 21    God:    Kikubaaqudgha [**....]
Gold:   549        SH:  0    Dex: 13    Spells: 5 memorised, 5 levels left

rFire  x . .     SeeInvis .     a - +2 whip (elec)
rCold  + . .     Gourm    .     e - +0 ring mail
rNeg   + + +     Faith    .     (no shield)
rPois  ∞         Spirit   .     B - +2 hat {Int+3}
rElec  .         Dismiss  .     d - +0 cloak
rCorr  .         Reflect  .     c - +0 pair of gloves
MR     +....     Harm     .     (no boots)
Stlth  +.........               i - amulet of regeneration
                                (no ring)
                                (no ring)

@: about to teleport
A: no food or potions, fire vulnerability, cold resistance 1, negative energy
resistance 3, torment resistance, unbreathing
a: Receive Corpses, Renounce Religion


You were on level 10 of the Dungeon.
You worshipped Kikubaaqudgha.
Kikubaaqudgha was pleased with you.
You were not hungry.

You visited 2 branches of the dungeon, and saw 11 of its levels.

You collected 549 gold pieces.

Inventory:

Hand Weapons
 a - a +2 whip of electrocution (weapon)
 k - a +1 flail of protection
 u - a +1 mace of draining
 C - a +1 whip of freezing
 D - a +0 dire flail
 E - the +5 trident of Pain and Death {flame, Dex+3}
   (You found it on level 9 of the Dungeon)

   It has been specially enchanted to burn those struck by it, causing extra
   injury to most foes and up to half again as much damage against particularly
   susceptible opponents.
   It affects your dexterity (+3).
Armour
 c - a +0 pair of gloves (worn)
 d - a +0 cloak (worn)
 e - a +0 ring mail (worn)
 j - a +2 leather armour of magic resistance
 q - a +1 robe of positive energy
 B - a +2 hat of intelligence (worn)
Jewellery
 i - an amulet of regeneration (around neck)
Wands
 m - a wand of confusion (14/48)
 o - a wand of digging (1/24)
 p - a wand of random effects (34/48)
 z - a wand of acid (2/15)
Scrolls
 f - a scroll of recharging {unknown}
 g - 3 scrolls of remove curse
 h - a scroll of blinking {unknown}
 l - a scroll of summoning {unknown}
 n - 2 scrolls of enchant armour {unknown}
 s - 3 scrolls of magic mapping
 t - 5 scrolls of amnesia
 v - 2 scrolls of teleportation
 A - 2 scrolls of noise
Books
 b - a book of Necromancy

   Spells                             Type                      Level
   a - Pain                           Necromancy                   1
   b - Animate Skeleton               Necromancy                   1
   c - Vampiric Draining              Necromancy                   3
   d - Regeneration                   Charms/Necromancy            3
   e - Animate Dead                   Necromancy                   4
   f - Control Undead                 Necromancy                   4
 w - a book of Battle

   Spells                             Type                      Level
   a - Infusion                       Charms                       1
   b - Shroud of Golubria             Charms/Translocation         2
   c - Song of Slaying                Charms                       2
   d - Spectral Weapon                Hexes/Charms                 3
   e - Regeneration                   Charms/Necromancy            3
 x - a book of Annihilations

   Spells                             Type                      Level
   a - Poison Arrow                   Conjuration/Poison           6
   b - Chain Lightning                Conjuration/Air              8
   c - Lehudib's Crystal Spear        Conjuration/Earth            8
   d - Glaciate                       Conjuration/Ice              9
   e - Fire Storm                     Conjuration/Fire             9
 y - Kikubaaqudgha's Handbook of Necromancy
   (Kikubaaqudgha gifted it to you on level 5 of the Dungeon)

   Spells                             Type                      Level
   a - Animate Skeleton               Necromancy                   1
   b - Pain                           Necromancy                   1
   c - Corpse Rot                     Necromancy                   2
   d - Vampiric Draining              Necromancy                   3
   e - Control Undead                 Necromancy                   4


   Skills:
 * Level 8.2 Fighting
   Level 0.5 Short Blades
 - Level 2.5 Maces & Flails
 * Level 8.3 Dodging
 - Level 1.5 Stealth
 - Level 5.0 Spellcasting
 - Level 10.0 Necromancy
 + Level 0.2 Evocations


You had 5 spell levels left.
You knew the following spells:

 Your Spells              Type           Power        Failure   Level  Hunger
a - Pain                  Necr           ####         1%          1    N/A
b - Vampiric Draining     Necr           #####.....   1%          3    N/A
c - Control Undead        Necr           #####.....   6%          4    N/A
d - Corpse Rot            Necr           N/A          1%          2    N/A
e - Animate Dead          Necr           N/A          6%          4    N/A

Dungeon Overview and Level Annotations

Branches:
Dungeon (10/15)            Temple (1/1) D:4             Orc (0/2) D:9
   Lair: D:8-11

Altars:
Ashenzari
Elyvilon
Fedhas
Hepliaklqana
Kikubaaqudgha
Makhleb
Nemelex Xobeh
Pakellas
Sif Muna
Trog
Uskayaw
Yredelemnul
Zin
The Shining One

Shops:
D:4 !   D:6 *

Annotations:
D:1 exclusion: downstairs
D:2 exclusion: downstairs
D:8 exclusion: 2 downstairs
D:9 exclusion: 2 downstairs


Innate Abilities, Weirdness & Mutations

You do not eat or drink.
Your flesh is vulnerable to fire.
You are immune to poison.
Your flesh is cold resistant. (rC+)
You are immune to negative energy. (rN+++)
You are immune to unholy pain and torment.
You can survive without breathing.


Message History

Okay, then.
Okay, then.
Unknown command.
Kikubaaqudgha delivers you corpses!
The tengu warrior shoots an arrow.
The arrow hits you!
You see here a hound corpse.
The tengu warrior shoots an arrow.
The arrow hits you!!
You see here an arrow.
The tengu warrior shoots an arrow.
The arrow barely misses you.
The tengu warrior shoots an arrow.
The arrow hits you!
* * * LOW HITPOINT WARNING * * *
You see here an arrow.
The tengu warrior shoots an arrow.
The arrow hits you!
* * * LOW HITPOINT WARNING * * *
You see here 2 arrows.
As you read the scroll of teleportation, it crumbles to dust.
You feel strangely unstable.
The tengu warrior shoots an arrow.
The arrow hits you!
You die...
Kikubaaqudgha rasps: "You have failed me!
Welcome... oblivion!"

######## #.
#.÷)÷).## ###.
#.####).######
#... #..#
##......##
#.#. ##.#
######..###.#.
#.# ##..##.#.
#.# ##......
#.### #..##.#
#.@.####
#..##.#
###..((##
##..#.#
####..#
###..... ##Q##
#...#### #††#
#.#.# # ##(#
#.#%#
#†###Q#.#
#(Q...#.# .
##..###.# #.


You could see a tengu warrior.

Vanquished Creatures
  Gastronok (D:9)
  Erolcha (D:10)
  Pikel (D:8)
  A centaur zombie (D:10)
  A centaur skeleton (D:10)
  Sigmund (D:3)
  A wyvern (D:8)
  2 ice beasts
  2 black bears
  5 orc warriors
  A phantom (D:10)
  2 ogres (D:4)
  A slave (D:8)
  A necrophage (D:9)
  4 centaurs
  3 big kobolds
  A giant frog (D:6)
  A wyvern skeleton (D:10)
  A scorpion (D:4)
  3 killer bees (D:10)
  4 wights (D:8)
  A howler monkey (D:5)
  7 crimson imps
  A jelly (D:9)
  A giant frog skeleton (D:8)
  7 hounds
  4 orc priests
  7 orc wizards
  2 iguanas
  2 worker ants
  A killer bee zombie (D:6)
  A hound skeleton (D:5)
  A howler monkey zombie (D:6)
  Robin (D:3)
  15 gnolls
  7 adders
  2 shadow imps
  2 oozes
  An adder zombie (D:6)
  4 worms
  2 adder skeletons (D:4)
  3 dart slugs
  A giant gecko (D:2)
  21 orcs
  8 bats
  3 giant cockroaches
  16 goblins
  12 hobgoblins
  4 jackals
  20 kobolds
  A quokka (D:2)
  3 ball pythons
  A ball python skeleton (D:4)
  A giant gecko zombie (D:7)
  8 giant newts
  A quokka skeleton (D:4)
  10 rats
220 creatures vanquished.

Vanquished Creatures (others)
  A wizard (D:5)
1 creature vanquished.

Grand Total: 221 creatures vanquished

Notes
Turn   | Place    | Note
-------+----------+-------------------------------------------
     0 | D:1      | Akrasiac the Mummy Necromancer began the quest for the Orb.
     0 | D:1      | Reached XP level 1. HP: 13/13 MP: 3/3
   212 | D:1      | Reached XP level 2. HP: 19/19 MP: 1/5
   920 | D:1      | Reached skill level 5 in Necromancy
   920 | D:1      | Reached XP level 3. HP: 24/24 MP: 2/6
  1372 | D:1      | Learned a level 3 spell: Vampiric Draining
  1938 | D:2      | Reached XP level 4. HP: 30/30 MP: 3/7
  1984 | D:2      | Found a glowing golden altar of the Shining One.
  2890 | D:2      | Reached skill level 6 in Necromancy
  3037 | D:2      | Found a hide-covered altar of Uskayaw.
  3441 | D:3      | Found an oddly glowing altar of Pakellas.
  3555 | D:3      | Reached XP level 5. HP: 35/35 MP: 6/8
  3601 | D:3      | Noticed Robin
  3719 | D:3      | Killed Robin
  3974 | D:3      | Noticed Sigmund
  4496 | D:3      | Killed Sigmund
  4496 | D:3      | Reached XP level 6. HP: 31/41 MP: 2/12
  4613 | D:3      | You fall through a shaft for 2 floors!
  4613 | D:5      | Entered Level 5 of the Dungeon
  4623 | D:5      | Learned a level 4 spell: Control Undead
  5032 | D:3      | Reached skill level 5 in Spellcasting
  5448 | D:4      | Reached XP level 7. HP: 37/46 MP: 6/14
  5780 | D:4      | Reached skill level 7 in Necromancy
  6111 | D:4      | Found a staircase to the Ecumenical Temple.
  6194 | D:4      | Found a hazy altar of Hepliaklqana.
  6239 | D:4      | Found Akhoen's Distillery.
  6289 | Temple   | Entered the Ecumenical Temple
  6366 | Temple   | Became a worshipper of Kikubaaqudgha
  6540 | D:5      | Reached skill level 8 in Necromancy
  6689 | D:5      | Reached XP level 8. HP: 40/52 MP: 3/15
  6716 | D:5      | Reached * piety under Kikubaaqudgha
  6716 | D:5      | Received a gift from Kikubaaqudgha
  6717 | D:5      | Identified Kikubaaqudgha's Handbook of Necromancy (Kikubaaqudgha gifted it to you on level 5 of the Dungeon)
  6721 | D:5      | Learned a level 2 spell: Corpse Rot
  6751 | D:5      | Found a bloodstained altar of Trog.
  6886 | D:5      | Reached skill level 9 in Necromancy
  7023 | D:5      | Noticed a wizard
  7027 | D:5      | Killed a wizard
  7199 | D:6      | Reached skill level 1 in Maces & Flails
  7293 | D:6      | Found Zin's Purification Station.
  7294 | D:6      | Found a glowing silver altar of Zin.
  7974 | D:7      | Reached skill level 10 in Necromancy
  8761 | D:8      | Noticed Pikel
  8777 | D:8      | Killed Pikel
  8777 | D:8      | Reached XP level 9. HP: 57/62 MP: 5/16
  9187 | D:8      | Reached ** piety under Kikubaaqudgha
  9764 | D:8      | Reached skill level 5 in Fighting
  9910 | D:9      | Got a dazzling trident
  9916 | D:9      | Identified the +5 trident of Pain and Death {flame, Dex+3} (You found it on level 9 of the Dungeon)
  9933 | D:9      | Reached skill level 5 in Dodging
 10118 | D:9      | Noticed Gastronok
 10431 | D:9      | Killed Gastronok
 10431 | D:9      | Reached XP level 10. HP: 33/77 MP: 7/17
 10784 | D:9      | Found a staircase to the Orcish Mines.
 10859 | D:9      | Found a basalt altar of Yredelemnul.
 10983 | D:10     | Entered Level 10 of the Dungeon
 10983 | D:10     | Noticed a tengu warrior
 11271 | D:10     | Learned a level 4 spell: Animate Dead
 11555 | D:10     | Noticed Erolcha
 11565 | D:10     | Paralysed by Erolcha for 7 turns
 11569 | D:10     | Killed Erolcha
 11785 | D:10     | Shot with an arrow by a tengu warrior

Vault maps used:
D:1:      dpeg_arrival_rhombus, feat_on_display
D:2:      nicolae_overflow_hidden_temple, lemuel_crystal_altar, first_bread
D:3:      minmay_wonky_spiral, johnstein_pakellas_dig, minmay_liquid_box,
          uniq_robin, uniq_sigmund
D:4:      lemuel_coloured_pillars_altar, serial_shops, shop_statue
D:5:      grunt_ministairs_15, trog_wizard
D:6:      zin_purify
D:8:      uniq_pikel
D:9:      marbit_many_paths, david_orc_4, uniq_gastronok
D:10:     uniq_erolcha
Temple:   dpeg_chambers_temple

Skill      XL: |  1  2  3  4  5  6  7  8  9 10 |
---------------+-------------------------------+-----
Necromancy     | 5 6 8 10 | 10.0
Spellcasting   | 4 5 |  5.0
Maces & Flails | 2 |  2.5
Fighting       | 2 6 8 |  8.2
Dodging        | 3 6 8 |  8.3
Short Blades   | |  0.5
Stealth        | |  1.5
Evocations     | |  0.2

Action                   |  1- 3 |  4- 6 |  7- 9 | 10-12 || total
-------------------------+-------+-------+-------+-------++-------
Melee: Dagger            |    15 |    17 |       |       ||    32
       Whip              |       |    15 |   136 |    71 ||   222
 Cast: Pain              |    74 |   156 |   262 |    74 ||   566
       Vampiric Draining |       |       |     6 |     6 ||    12
       Corpse Rot        |       |       |     2 |     3 ||     5
Invok: Receive Corpses   |       |       |     1 |     3 ||     4
Evoke: Wand              |       |       |       |     3 ||     3
  Use: Scroll            |       |       |     7 |     6 ||    13
Armor: Robe              |     5 |     3 |       |       ||     8
       Ring mail         |       |    14 |    79 |    43 ||   136
Dodge: Dodged            |    13 |    53 |   134 |    68 ||   268
